 Dungeon Crawl Stone Soup version 0.18.1-50-g88ac8fd (webtiles) character file.

203 GammafunkIsABaby the Chiller (level 5, -2/31 HPs)
             Began as a High Elf Ice Elementalist on June 10, 2018.
             Was a Follower of Cheibriados.
             Slain by a gnoll
             ... wielding a +0 halberd
              (9 damage)
             ... on level 4 of the Dungeon.
             The game lasted 00:09:47 (891 turns).

GammafunkIsABaby the Chiller (HEIE)                  Turns: 891, Time: 00:09:48

Health: -2/31      AC:  3    Str: 11    XL:     5   Next: 51%
Magic:  10/10      EV: 18    Int: 27    God:    Cheibriados [*.....]
Gold:   112        SH:  0    Dex: 23    Spells: 3 memorised, 2 levels left

rFire  . . .     SeeInvis .     a - +3 hand axe (chop)
rCold  . . .     Gourm    .     p - +0 robe
rNeg   . . .     Faith    .     (no shield)
rPois  .         Spirit   .     e - +0 helmet
rElec  .         Dismiss  .     (no cloak)
rCorr  .         Reflect  .     (no gloves)
SustAt .         Harm     .     (no boots)
MR     .....                    (no amulet)
Stlth  ++++......               (no ring)
                                (no ring)

@: brilliant, agile, very slow, not resistant to hostile enchantments, stealthy
A: no striking features
a: Bend Time, Renounce Religion


You were on level 4 of the Dungeon.
You worshipped Cheibriados.
Cheibriados was aware of your devotion.
You were not hungry.

You visited 1 branch of the dungeon, and saw 4 of its levels.

You collected 112 gold pieces.

Inventory:

Hand Weapons
 a - a +3 hand axe of chopping (weapon)
 d - a +0 short sword
Armour
 e - a +0 helmet (worn)
 h - a +0 buckler
 p - a +0 robe (worn)
Jewellery
 g - an uncursed ring of fire
Wands
 n - a wand of enslavement (4/24)
Scrolls
 f - a scroll of remove curse
 o - a scroll of magic mapping
Potions
 k - a potion of curing {unknown}
Books
 b - a book of Frost

   Spells                             Type                      Level
   a - Freeze                         Ice                          1
   b - Throw Frost                    Conjuration/Ice              2
   c - Ozocubu's Armour               Charms/Ice                   3
   d - Throw Icicle                   Conjuration/Ice              4
   e - Summon Ice Beast               Ice/Summoning                4
Comestibles
 c - 2 bread rations
 i - a beef jerky


   Skills:
 - Level 2.1 Dodging
 - Level 2.1 Stealth
 - Level 3.0 Spellcasting
   Level 1.1 Conjurations
 + Level 1.6 Summonings
 - Level 5.6 Ice Magic


You had 2 spell levels left.
You knew the following spells:

 Your Spells              Type           Power        Failure   Level  Hunger
a - Freeze                Ice            ####         1%          1    None
B - Summon Ice Beast      Ice/Summ       #####...     3%          4    ####...
C - Ozocubu's Armour      Chrm/Ice       #####...     1%          3    ###....


Dungeon Overview and Level Annotations

Branches:
Dungeon (4/15)
 Temple: D:4-7

Altars:
Cheibriados
Xom
Zin


Message History

The gnoll hits you from afar with a spear!
The gnoll hits you with a club. The gnoll closely misses you.
The gnoll misses you.
You climb downwards.
There is a stone staircase leading up here.
Unknown command.
Unknown command.
Drink which item? (? for menu, Esc to quit)
It was a potion of brilliance.
You feel clever all of a sudden. The gnoll closely misses you.
The gnoll hits you with a club!
* * * LOW HITPOINT WARNING * * *
The gnoll closely misses you.
Unknown command.
Drink which item? (? for menu, Esc to quit)
It was a potion of agility.
You feel agile all of a sudden. The gnoll barely misses you.
The gnoll hits you but does no damage. The gnoll hits you with a halberd!
You die...

### ..# #.# #.# #.#
#######.# #......g#
#.....g@# ##.
#####......g#.### ..
..................
#. ###.......#.####
##.######.......#...
#...............#
###
#...............#
##........########
##........#


You could see 3 gnolls.

Vanquished Creatures
  Dowan (D:4)
  2 orc wizards (D:4)
  An adder (D:3)
  An ooze (D:1)
  A dart slug (D:2)
  2 giant geckos
  9 orcs
  A ball python (D:4)
  A bat (D:1)
  A giant cockroach (D:4)
  7 goblins
  3 hobgoblins
  2 kobolds
  3 giant newts
  4 rats
39 creatures vanquished.

Vanquished Creatures (collateral kills)
  An orc wizard (D:4)
  An orc (D:4)
  3 goblins (D:4)
5 creatures vanquished.

Vanquished Creatures (others)
  Duvessa (D:4)
  Robin (D:4)
2 creatures vanquished.

Grand Total: 46 creatures vanquished

Notes
Turn   | Place    | Note
--------------------------------------------------------------
     0 | D:1      | GammafunkIsABaby the High Elf Ice Elementalist began the quest for the Orb.
     0 | D:1      | Reached XP level 1. HP: 11/11 MP: 4/4
    64 | D:1      | Reached XP level 2. HP: 17/17 MP: 2/6
   143 | D:2      | Found a snail-covered altar of Cheibriados.
   149 | D:2      | Became a worshipper of Cheibriados the Contemplative
   311 | D:3      | Reached XP level 3. HP: 19/21 MP: 1/8
   331 | D:3      | Found a faded altar to an unknown god.
   469 | D:3      | Reached skill level 4 in Ice Magic
   482 | D:3      | Learned a level 3 spell: Ozocubu's Armour
   561 | D:4      | Noticed Duvessa
   568 | D:4      | Noticed Dowan
   581 | D:4      | Your ally died
   592 | D:4      | Noticed Robin
   592 | D:4      | Killed Dowan
   592 | D:4      | Reached skill level 5 in Ice Magic
   592 | D:4      | Reached XP level 4. HP: 27/27 MP: 6/9
   594 | D:4      | Reached * piety under Cheibriados
   599 | D:4      | Reached XP level 5. HP: 27/31 MP: 1/10
   606 | D:4      | Learned a level 4 spell: Summon Ice Beast
   616 | D:4      | Your ally died
   757 | D:4      | Found a glowing silver altar of Zin.
   757 | D:4      | Noticed an angel
   758 | D:4      | Found a shimmering altar of Xom.
   812 | D:4      | Reached skill level 1 in Summonings
   891 | D:4      | Slain by a gnoll

Skill      XL: |  1  2  3  4  5 |
---------------+----------------+-----
Spellcasting   | 3 |  3.0
Ice Magic      | 5 |  5.6
Summonings     | 1 |  1.6
Dodging        | |  2.1
Stealth        | |  2.1
Conjurations   | |  1.1

Action                   |  1- 3 |  4- 6 || total
-------------------------+-------+-------++-------
Melee: Short sword       |     7 |       ||     7
       Hand axe          |       |    23 ||    23
 Cast: Freeze            |    28 |    11 ||    39
Evoke: Wand              |     6 |     1 ||     7
  Use: Scroll            |     6 |       ||     6
       Potion            |       |     3 ||     3
 Stab: Sleeping          |     2 |     1 ||     3
Armor: Robe              |     9 |     8 ||    17
Dodge: Dodged            |    10 |    33 ||    43
